[Event "ICC tourney 2532 (25 5)"]
[Site "Internet Chess Club"]
[Date "2021.04.24"]
[Round "1"]
[White "YORISH, MARK:K12-17264384"]
[Black "K SANFORD, HARRISON:K12-14321340"]
[Result "0-1"]
[ICCResult "White checkmated"]
[WhiteElo "987"]
[BlackElo "2005"]
[Opening "Scandinavian (center counter) defense"]
[ECO "B01"]
[NIC "VO.17"]
[Time "11:01:29"]
[PlyCount "158"]
[TimeControl "1500+5"]

1. e4 d5 2. exd5 Qxd5 3. Nf3 Nf6 4. Be2 Bf5 5. c4 Qd6 6. d4 c6 7. O-O e6 8.
Nc3 Nbd7 9. Bd3 Bg4 10. h3 Bh5 11. Be2 h6 12. Be3 g5 13. Nd2 Bg6 14. Bf3
Be7 15. Nde4 Nxe4 16. Nxe4 Bxe4 17. Bxe4 O-O-O 18. d5 Nf6 19. Bf3 exd5 20.
cxd5 Nxd5 21. Bxd5 Qxd5 22. Bxa7 Qe5 23. Qb3 Bd6 24. g3 Qf5 25. Kh2 h5 26.
Qc4 h4 27. Kg2 hxg3 28. Qg4 Qxg4 29. hxg4 Rh2+ 30. Kf3 g2 31. Rg1 Rdh8 32.
Rad1 R8h6 33. Bd4 Kc7 34. a3 b6 35. Rde1 b5 36. Be5 R6h3+ 37. Bg3 Bxg3 38.
fxg3 Rh7 39. Rxg2 R2h6 40. Rge2 Rf6+ 41. Kg2 Rd6 42. Re7+ Kb6 43. R1e3 Rd2+
44. Re2 Rd4 45. R7e4 Rd6 46. Re7 c5 47. Rf2 Rdh6 48. Rexf7 Rh2+ 49. Kf1
Rxf7 50. Rxf7 Rxb2 51. Rf3 Ka5 52. Rf5 c4 53. Rxg5 c3 54. Ke1 Rb1+ 55. Ke2
c2 56. Rc5 c1=Q 57. Rxc1 Rxc1 58. Kf3 Rc4 59. g5 Ka4 60. g6 Kxa3 61. g7 Rc8
62. Kf4 Rg8 63. Kf5 Rxg7 64. g4 Rxg4 65. Kxg4 b4 66. Kf3 b3 67. Ke3 b2 68.
Kf2 b1=Q 69. Kf3 Qc2 70. Kf4 Qd3 71. Ke5 Qc4 72. Kf5 Qd4 73. Ke6 Qc5 74.
Kd7 Qb6 75. Kc8 Qa7 76. Kd8 Kb4 77. Ke8 Kc5 78. Kd8 Kd6 79. Ke8 Qe7# {
White checkmated } 0-1

[Event "ICC tourney 2532 (25 5)"]
[Site "Internet Chess Club"]
[Date "2021.04.24"]
[Round "1"]
[White "EDMUND MICHIGAN, JOHNATHAN:K12-16974541"]
[Black "FRANCO PRASANNA, GRACY:K12-15472188"]
[Result "1/2-1/2"]
[ICCResult "Game drawn by mutual agreement"]
[WhiteElo "1054"]
[BlackElo "2117"]
[Opening "Scotch game"]
[ECO "C45"]
[NIC "SO.05"]
[Time "11:01:45"]
[PlyCount "157"]
[TimeControl "1500+5"]

1. e4 e5 2. Nf3 Nc6 3. d4 exd4 4. Nxd4 Bc5 5. Be3 Qf6 6. c3 Nge7 7. Be2 O-O
8. O-O a6 9. b4 Bb6 10. a4 Nxd4 11. Bxd4 Bxd4 12. Qxd4 Qxd4 13. cxd4 Nc6
14. Nc3 Nxd4 15. Rfd1 Nxe2+ 16. Nxe2 d6 17. Nf4 Be6 18. Rac1 Rac8 19. Nd5
Bxd5 20. Rxd5 Rfe8 21. f3 f6 22. Kf2 Kf7 23. b5 axb5 24. Rxb5 b6 25. a5
bxa5 26. Rxa5 Ke6 27. Ke3 Kd7 28. Ra7 Re5 29. h3 f5 30. Rc4 fxe4 31. fxe4
d5 32. Kd4 Rxe4+ 33. Kxd5 Rxc4 34. Kxc4 Rf8 35. Ra3 Rf4+ 36. Kd5 Rf2 37. g4
Rd2+ 38. Ke5 Re2+ 39. Kd5 c6+ 40. Kc5 Re5+ 41. Kd4 Kd6 42. Rf3 c5+ 43. Kd3
h5 44. gxh5 Rxh5 45. Rg3 Kd5 46. Rxg7 Rxh3+ 47. Kc2 Kc4 48. Kd2 Rh2+ 49.
Kc1 Kc3 50. Rg3+ Kb4 51. Rg4+ c4 52. Rg3 c3 53. Rg7 Rh1+ 54. Kc2 Rh2+ 55.
Kc1 Rh4 56. Kc2 Kc4 57. Rc7+ Kd4 58. Rxc3 Rh2+ 59. Kb3 Rh1 60. Rc4+ Kd5 61.
Rc3 Kd4 62. Rc4+ Kd3 63. Rc3+ Kd2 64. Rc2+ Kd1 65. Rb2 Kc1 66. Rf2 Rh3+ 67.
Kc4 Kd1 68. Kd4 Ke1 69. Rb2 Kd1 70. Ke4 Kc1 71. Rg2 Kb1 72. Kf4 Rb3 73. Kg4
Ka1 74. Rf2 Kb1 75. Rg2 Kc1 76. Rf2 Kd1 77. Rg2 Ke1 78. Ra2 Kf1 79. Rc2 {
Game drawn by mutual agreement } 1/2-1/2

[Event "ICC tourney 2532 (25 5)"]
[Site "Internet Chess Club"]
[Date "2021.04.24"]
[Round "2"]
[White "KANCHARLA, SRIKAR:K12-16969797"]
[Black "WOLF MILSTEIN, DAVID:K12-15780704"]
[Result "0-1"]
[ICCResult "White checkmated"]
[WhiteElo "592"]
[BlackElo "1253"]
[Opening "Four knights: Spanish, classical defense"]
[ECO "C48"]
[NIC "KP.03"]
[Time "13:12:37"]
[PlyCount "22"]
[TimeControl "1500+5"]

1. e4 e5 2. Nf3 Nc6 3. Nc3 Nf6 4. Bb5 Bc5 5. Nxe5 Bxf2+ 6. Kxf2 Nxe5 7. Nd5
Nxe4+ 8. Kg1 c6 9. Bxc6 dxc6 10. Nc3 Qd4+ 11. Kf1 Qf2# { White checkmated }
0-1

[Event "ICC tourney 2532 (25 5)"]
[Site "Internet Chess Club"]
[Date "2021.04.24"]
[Round "2"]
[White "SUCHERMAN, ETHAN:K12-16996535"]
[Black "PONNA, NIMAI:K12-15563890"]
[Result "0-1"]
[ICCResult "White checkmated"]
[WhiteElo "674"]
[BlackElo "1535"]
[Opening "Queen's pawn: Chigorin variation"]
[ECO "D00"]
[NIC "QP.08"]
[Time "13:12:39"]
[PlyCount "24"]
[TimeControl "1500+5"]

1. d4 d5 2. Nc3 e6 3. Nf3 Nf6 4. Qd3 c5 5. dxc5 Bxc5 6. Qb5+ Nbd7 7. Bf4 a6
8. Qa4 Qb6 9. Ne5 Qxb2 10. Rc1 Qxc3+ 11. Kd1 Bb4 12. Bd2 Qxd2# { White
checkmated } 0-1

[Event "ICC tourney 2532 (25 5)"]
[Site "Internet Chess Club"]
[Date "2021.04.24"]
[Round "2"]
[White "RAJA, ABHINAV:K12-16290326"]
[Black "L JENKS, TRISTAN:K12-30162920"]
[Result "1-0"]
[ICCResult "Black checkmated"]
[WhiteElo "1253"]
[BlackElo "519"]
[Opening "KP: Nimzovich defense, Bogolyubov variation"]
[ECO "A00"]
[NIC "VO.15"]
[Time "13:12:20"]
[PlyCount "59"]
[TimeControl "1500+5"]

1. Nc3 Nc6 2. d4 d5 3. e4 dxe4 4. d5 Nb4 5. a3 e6 6. axb4 exd5 7. Qxd5 Qxd5
8. Nxd5 Be6 9. Nxc7+ Kd8 10. Nxa8 Bxb4+ 11. c3 Bc5 12. Bf4 e3 13. fxe3 Nf6
14. Nc7 Bd5 15. Nxd5 Nxd5 16. Bc4 Nxf4 17. exf4 Re8+ 18. Kd2 Be3+ 19. Kc2
Bxf4 20. Rxa7 Re2+ 21. Bxe2 Kc8 22. Bf3 Be5 23. Rxb7 Kd8 24. Nh3 Ke8 25.
Re1 f6 26. Bc6+ Kd8 27. Rd1+ Kc8 28. Rdd7 g5 29. Rg7 Kd8 30. Rg8# { Black
checkmated } 1-0

[Event "ICC tourney 2532 (25 5)"]
[Site "Internet Chess Club"]
[Date "2021.04.24"]
[Round "2"]
[White "CAMPBELL EDELSTEIN, CONNOR:K12-15254082"]
[Black "TRSTENJACK, NOAH:K12-16996473"]
[Result "0-1"]
[ICCResult "White checkmated"]
[WhiteElo "547"]
[BlackElo "1241"]
[Opening "Four knights: Italian variation"]
[ECO "C55"]
[NIC "IG.01"]
[Time "13:12:42"]
[PlyCount "30"]
[TimeControl "1500+5"]

1. e4 e5 2. Nf3 Nc6 3. Bc4 Nf6 4. Nc3 Bb4 5. d3 d5 6. exd5 Nxd5 7. Bxd5
Qxd5 8. O-O Bxc3 9. bxc3 O-O 10. d4 Bg4 11. Bb2 e4 12. h3 Bxf3 13. gxf3
exf3 14. Ba3 Qg5+ 15. Kh1 Qg2# { White checkmated } 0-1

[Event "ICC tourney 2532 (25 5)"]
[Site "Internet Chess Club"]
[Date "2021.04.24"]
[Round "2"]
[White "IYER, AKSHAT:K12-15718767"]
[Black "GOPINATH, ABHINAYA:K12-16979217"]
[Result "1-0"]
[ICCResult "Black checkmated"]
[WhiteElo "1621"]
[BlackElo "670"]
[Opening "Vienna game, Max Lange defense"]
[ECO "C25"]
[NIC "VG.04"]
[Time "13:12:02"]
[PlyCount "51"]
[TimeControl "1500+5"]

1. e4 e5 2. Nc3 Nc6 3. Bc4 d6 4. d3 Nf6 5. Bg5 Be6 6. Bb3 Bxb3 7. axb3 Qe7
8. Nd5 Qe6 9. Nxc7+ Ke7 10. Nxe6 Kxe6 11. Bxf6 gxf6 12. Nf3 d5 13. exd5+
Kxd5 14. c4+ Kd6 15. d4 exd4 16. O-O Kd7 17. Nxd4 Nb4 18. Nb5+ Kc8 19. Qg4+
Kd8 20. Rad1+ Bd6 21. Rxd6+ Ke8 22. Nc7+ Kf8 23. Nxa8 Ke7 24. Qd7+ Kf8 25.
Rxf6 Kg7 26. Qxf7# { Black checkmated } 1-0

[Event "ICC tourney 2532 (25 5)"]
[Site "Internet Chess Club"]
[Date "2021.04.24"]
[Round "2"]
[White "BALAJI, SOORYA:K12-16773233"]
[Black "WADE, WILL:K12-15902787"]
[Result "0-1"]
[ICCResult "White checkmated"]
[WhiteElo "463"]
[BlackElo "1156"]
[Opening "Queen's pawn, Mason variation"]
[ECO "D00"]
[NIC "QP.08"]
[Time "13:11:46"]
[PlyCount "50"]
[TimeControl "1500+5"]

1. d4 d5 2. Bf4 Bf5 3. Nf3 Nf6 4. e3 e6 5. c3 c5 6. Bb5+ Nbd7 7. Nbd2 a6 8.
Bxd7+ Nxd7 9. O-O Be7 10. g3 g5 11. Be5 f6 12. g4 Bxg4 13. Bg3 h5 14. dxc5
Nxc5 15. e4 dxe4 16. h3 exf3 17. hxg4 hxg4 18. b4 Nd3 19. Qa4+ Kf7 20. Ne4
f5 21. Nd2 f4 22. Bh2 Rxh2 23. Kxh2 Qh8+ 24. Kg1 Qh3 25. Ne4 Qg2# { White
checkmated } 0-1

[Event "ICC tourney 2532 (25 5)"]
[Site "Internet Chess Club"]
[Date "2021.04.24"]
[Round "2"]
[White "KINDY, DANIEL:K12-16972036"]
[Black "NOAM KUTIKOV, JONAH:K12-15612157"]
[Result "0-1"]
[ICCResult "White checkmated"]
[WhiteElo "707"]
[BlackElo "1564"]
[Opening "Sicilian: closed"]
[ECO "B23"]
[NIC "SI.44"]
[Time "13:11:31"]
[PlyCount "124"]
[TimeControl "1500+5"]

1. e4 c5 2. Nc3 g6 3. Nf3 Bg7 4. g3 Nc6 5. Bg2 d6 6. O-O Nf6 7. Nd5 O-O 8.
Nxf6+ Bxf6 9. d3 Bg4 10. Qe1 Bxf3 11. Bxf3 Nd4 12. Qd1 Bg7 13. c3 Nxf3+ 14.
Qxf3 b5 15. Bd2 a5 16. c4 bxc4 17. dxc4 Bxb2 18. Rab1 Rb8 19. Bc1 Bd4 20.
Be3 Rxb1 21. Rxb1 Qc7 22. Qd1 Rb8 23. Rxb8+ Qxb8 24. Bxd4 cxd4 25. Qxd4
Qb1+ 26. Kg2 Qxa2 27. c5 dxc5 28. Qxc5 a4 29. Qxe7 Qe6 30. Qb4 Qc6 31. h4
f5 32. f3 fxe4 33. fxe4 Qc2+ 34. Kf3 Qb3+ 35. Qxb3+ axb3 36. g4 b2 37. h5
gxh5 38. gxh5 b1=Q 39. Kf4 Qh1 40. e5 Qxh5 41. Ke4 Qg4+ 42. Kd5 h5 43. e6
h4 44. e7 Qg5+ 45. Kd6 Qxe7+ 46. Kxe7 h3 47. Kf6 h2 48. Ke5 h1=Q 49. Kd4
Qe1 50. Kd5 Qe3 51. Kd6 Qe4 52. Kc5 Qd3 53. Kc6 Qd4 54. Kb5 Qc3 55. Kb6 Kf7
56. Kb7 Ke7 57. Kb6 Kd6 58. Kb7 Qc4 59. Kb8 Qc7+ 60. Ka8 Qd7 61. Kb8 Kc6
62. Ka8 Qb7# { White checkmated } 0-1

[Event "ICC tourney 2532 (25 5)"]
[Site "Internet Chess Club"]
[Date "2021.04.24"]
[Round "2"]
[White "KARTHIK, SHARADHA:K12-17095438"]
[Black "CHARLES ENGERISER, WILSON:K12-14899274"]
[Result "0-1"]
[ICCResult "White resigns"]
[WhiteElo "398"]
[BlackElo "1089"]
[Opening "French defense"]
[ECO "C00"]
[NIC "FR.01"]
[Time "13:12:42"]
[PlyCount "68"]
[TimeControl "1500+5"]

1. e4 e6 2. Nf3 d5 3. d3 dxe4 4. Ne5 exd3 5. Nxd3 Nf6 6. Bg5 Be7 7. Bf4 h6
8. Be2 O-O 9. O-O Nc6 10. Qd2 b6 11. Bxh6 g6 12. Ne5 Qxd2 13. Nxd2 Nxe5 14.
Bd3 Rd8 15. Rad1 Nxd3 16. cxd3 Ng4 17. Bf4 Rxd3 18. h3 e5 19. Bg3 Nf6 20.
Bxe5 c5 21. Rfe1 Bb7 22. f3 Rad8 23. Re2 Nh5 24. g4 Ng7 25. Bxg7 Bxf3 26.
Rxe7 Bxd1 27. Ne4 Kxg7 28. Kg2 Bf3+ 29. Kg3 Bxe4+ 30. Kh4 Rh8+ 31. Kg5 Bd5
32. h4 Rh3 33. Kf4 R8xh4 34. Ke5 Re3+ { White resigns } 0-1

[Event "ICC tourney 2532 (25 5)"]
[Site "Internet Chess Club"]
[Date "2021.04.24"]
[Round "2"]
[White "RAPARTHI, ANKIT:K12-14686010"]
[Black "WANG, ALEXANDER:K12-16227962"]
[Result "1-0"]
[ICCResult "Black resigns"]
[WhiteElo "2033"]
[BlackElo "1491"]
[Opening "Queen's pawn game, Chigorin variation"]
[ECO "A04"]
[NIC "QP.11"]
[Time "13:12:40"]
[PlyCount "61"]
[TimeControl "1500+5"]

1. Nf3 Nc6 2. d4 d5 3. c4 e6 4. g3 Nf6 5. Bg2 Be7 6. O-O O-O 7. Nbd2 b6 8.
Ne5 Nxd4 9. e3 Nf5 10. e4 dxe4 11. Nxe4 Nxe4 12. Bxe4 Qxd1 13. Rxd1 Rb8 14.
Bxf5 exf5 15. Nc6 Re8 16. Nxb8 Be6 17. Nc6 Bf6 18. Nd4 Bxc4 19. Nxf5 g6 20.
Ne3 Be6 21. Nd5 Bxd5 22. Rxd5 Kg7 23. Be3 Bxb2 24. Bd4+ Bxd4 25. Rxd4 c5
26. Rd7 a6 27. Rd6 Rb8 28. Rb1 b5 29. Rxa6 c4 30. Rc6 Kf8 31. Rxc4 { Black
resigns } 1-0

[Event "ICC tourney 2532 (25 5)"]
[Site "Internet Chess Club"]
[Date "2021.04.24"]
[Round "2"]
[White "LU, SAMUEL:K12-16373562"]
[Black "SU, KENNETH:K12-15191452"]
[Result "0-1"]
[ICCResult "White resigns"]
[WhiteElo "1615"]
[BlackElo "2160"]
[Opening "Queen's pawn: London system"]
[ECO "A45"]
[NIC "QP.07"]
[Time "13:12:13"]
[PlyCount "40"]
[TimeControl "1500+5"]

1. d4 Nf6 2. Bf4 g6 3. Nc3 d5 4. e3 Bg7 5. h4 h5 6. Bd3 a6 7. Nge2 c5 8.
dxc5 Nc6 9. Nd4 Qa5 10. Qf3 Bg4 11. Qg3 Ne4 12. Bxe4 dxe4 13. Nxc6 Bxc3+
14. Kf1 Qb5+ 15. Kg1 Qxb2 16. Kh2 bxc6 17. Rab1 Qxa2 18. Be5 Bxe5 19. Qxe5
O-O 20. Qxe7 Qxc2 { White resigns } 0-1

[Event "ICC tourney 2532 (25 5)"]
[Site "Internet Chess Club"]
[Date "2021.04.24"]
[Round "2"]
[White "VASIREDDY, SACHITH:K12-17163507"]
[Black "LIU, LEONARDO:K12-14879663"]
[Result "0-1"]
[ICCResult "White checkmated"]
[WhiteElo "169"]
[BlackElo "2042"]
[Opening "Sicilian: closed"]
[ECO "B23"]
[NIC "SI.44"]
[Time "13:12:22"]
[PlyCount "110"]
[TimeControl "1500+5"]

1. e4 c5 2. Nc3 g6 3. Nf3 Bg7 4. d3 Nc6 5. Bd2 e6 6. Be2 Nge7 7. O-O O-O 8.
Bg5 h6 9. Bxe7 Nxe7 10. d4 cxd4 11. Nxd4 d5 12. Nf3 Bxc3 13. bxc3 dxe4 14.
Qxd8 Rxd8 15. Nd4 Nf5 16. Nxf5 exf5 17. Rfd1 Be6 18. Rxd8+ Rxd8 19. h3 Rd2
20. Bb5 Rxc2 21. c4 Bxc4 22. Bxc4 Rxc4 23. Rb1 b6 24. Rd1 Rc2 25. Rd7 Rxa2
26. Rd8+ Kg7 27. Rd7 b5 28. Rb7 a6 29. Kf1 Kf6 30. Ke1 f4 31. Rb6+ Ke5 32.
Rb7 Kf6 33. Rb6+ Kg7 34. f3 e3 35. g4 Rf2 36. Rxa6 Rxf3 37. Rb6 Rxh3 38.
Rxb5 Rg3 39. Ke2 Rxg4 40. Rb4 h5 41. Kf3 f5 42. Rb7+ Kh6 43. Rb8 Kg5 44.
Rb4 e2 45. Kxe2 f3+ 46. Kxf3 Rxb4 47. Kg3 h4+ 48. Kh3 Rb3+ 49. Kg2 Kg4 50.
Kf2 h3 51. Ke2 h2 52. Kd2 h1=Q 53. Kc2 Rg3 54. Kd2 Qh2+ 55. Ke1 Rg1# {
White checkmated } 0-1

[Event "ICC tourney 2532 (25 5)"]
[Site "Internet Chess Club"]
[Date "2021.04.24"]
[Round "2"]
[White "BASTIANI FONCK, CLAUDIO:K12-16874166"]
[Black "RAMIREZ, ERICK:K12-15643935"]
[Result "1-0"]
[ICCResult "Black resigns"]
[WhiteElo "1377"]
[BlackElo "631"]
[Opening "Giuoco Piano: four knights variation"]
[ECO "C55"]
[NIC "IG.01"]
[Time "13:11:53"]
[PlyCount "65"]
[TimeControl "1500+5"]

1. e4 e5 2. Nf3 Nc6 3. Bc4 Nf6 4. Nc3 Bc5 5. O-O O-O 6. d3 d6 7. Bg5 Bg4 8.
Nd5 h6 9. Nxf6+ gxf6 10. Bxh6 Re8 11. c3 Qd7 12. Be3 f5 13. h3 Bxf3 14.
Qxf3 Bxe3 15. fxe3 fxe4 16. Qxf7+ Qxf7 17. Bxf7+ Kf8 18. Bxe8+ Kg8 19. Bxc6
bxc6 20. dxe4 Rb8 21. b3 d5 22. exd5 cxd5 23. Rf5 d4 24. exd4 exd4 25. cxd4
c6 26. Rc5 a5 27. Rxc6 Re8 28. d5 Rd8 29. Rd1 Re8 30. d6 Re6 31. d7 Rf6 32.
d8=Q+ Rf8 33. Qg5+ { Black resigns } 1-0

[Event "ICC tourney 2532 (25 5)"]
[Site "Internet Chess Club"]
[Date "2021.04.24"]
[Round "2"]
[White "MUTHUPANDIYAN, SHIV:K12-15901317"]
[Black "VOLETI, RAGHURAM:K12-17216716"]
[Result "1-0"]
[ICCResult "Black checkmated"]
[WhiteElo "1266"]
[BlackElo "598"]
[Opening "King's gambit"]
[ECO "C30"]
[NIC "KG.05"]
[Time "13:12:22"]
[PlyCount "95"]
[TimeControl "1500+5"]

1. e4 e5 2. f4 d6 3. Nf3 Nc6 4. Bc4 h6 5. O-O Nf6 6. Nc3 Be7 7. d3 Nd4 8.
Nxd4 exd4 9. Nd5 Nxd5 10. Bxd5 c6 11. Bb3 Be6 12. Bxe6 fxe6 13. Qg4 Qd7 14.
Qxg7 O-O-O 15. Qxd4 c5 16. Qf2 d5 17. Be3 d4 18. Bd2 Rhf8 19. a4 e5 20. f5
a6 21. Bxh6 Rf6 22. Bg7 Rf7 23. Bxe5 Bf6 24. Bxf6 Rxf6 25. b3 b5 26. axb5
Qxb5 27. Qd2 Kd7 28. Qa5 Qxa5 29. Rxa5 Ra8 30. Rxc5 Rd8 31. Rd5+ Ke7 32.
Rxd8 Kxd8 33. Ra1 Ke7 34. Ra4 Rd6 35. Kf2 Kf6 36. Kf3 Ke5 37. g4 Rc6 38.
Rc4 Rd6 39. g5 Rd8 40. h4 Rh8 41. Kg4 Rg8 42. h5 a5 43. g6 Kf6 44. Rc6+ Kg7
45. Kg5 Rh8 46. Rc7+ Kg8 47. Kf6 Rxh5 48. Rc8# { Black checkmated } 1-0

[Event "ICC tourney 2532 (25 5)"]
[Site "Internet Chess Club"]
[Date "2021.04.24"]
[Round "2"]
[White "PHILIP MOOR, NATHANIEL:K12-15012516"]
[Black "RECCE, BRANDON:K12-14991688"]
[Result "1-0"]
[ICCResult "Black resigns"]
[WhiteElo "2180"]
[BlackElo "743"]
[Opening "Ruy Lopez: Berlin defense, Beverwijk variation"]
[ECO "C65"]
[NIC "RL.07"]
[Time "13:11:12"]
[PlyCount "51"]
[TimeControl "1500+5"]

1. e4 e5 2. Nf3 Nc6 3. Bb5 Nf6 4. O-O Bc5 5. c3 O-O 6. d4 exd4 7. cxd4 Bb4
8. a3 Ba5 9. Bg5 d5 10. e5 h6 11. Bh4 Bg4 12. exf6 g6 13. Bxc6 bxc6 14. Qc1
Kh7 15. Nbd2 Bxd2 16. Nxd2 g5 17. Qc2+ Kg8 18. Bg3 Qxf6 19. Be5 Qe6 20.
Rac1 Rac8 21. f4 Bf5 22. Qxc6 Qe7 23. fxg5 Qxg5 24. Nf3 Qe3+ 25. Kh1 Be4
26. Qf6 { Black resigns } 1-0

[Event "ICC tourney 2532 (25 5)"]
[Site "Internet Chess Club"]
[Date "2021.04.24"]
[Round "2"]
[White "BELLUSH, IAN:K12-15375567"]
[Black "XIAO, EDWARD:K12-15784954"]
[Result "0-1"]
[ICCResult "White resigns"]
[WhiteElo "1373"]
[BlackElo "1942"]
[Opening "Nimzo-Indian defense"]
[ECO "E20"]
[NIC "NI.30"]
[Time "13:11:34"]
[PlyCount "76"]
[TimeControl "1500+5"]

1. d4 Nf6 2. c4 e6 3. Nc3 Bb4 4. Bd2 O-O 5. Nf3 b6 6. e3 Bb7 7. Be2 d6 8.
O-O Nbd7 9. Re1 Bxc3 10. Bxc3 Ne4 11. Qc2 f5 12. Rad1 Rf6 13. d5 e5 14. Bd3
Nxc3 15. Qxc3 e4 16. Ng5 exd3 17. Ne6 Qc8 18. Nf4 Ne5 19. Nxd3 Nxd3 20.
Qxd3 Qd7 21. e4 fxe4 22. Qxe4 Raf8 23. f3 Qf5 24. Qxf5 Rxf5 25. Re7 R5f7
26. Rde1 b5 27. Rxf7 Kxf7 28. b3 Re8 29. Rxe8 Kxe8 30. cxb5 Bxd5 31. Kf2
Ke7 32. Ke3 Ke6 33. f4 Bxg2 34. a4 Kd5 35. a5 Kc5 36. Kf2 Bd5 37. b4+ Kxb5
38. a6 Kxa6 { White resigns } 0-1

[Event "ICC tourney 2532 (25 5)"]
[Site "Internet Chess Club"]
[Date "2021.04.24"]
[Round "2"]
[White "PEREZ, JAMES:K12-15644490"]
[Black "WHITE, GABRIEL:K12-14675560"]
[Result "0-1"]
[ICCResult "White checkmated"]
[WhiteElo "723"]
[BlackElo "1889"]
[Opening "Sicilian: dragon variation"]
[ECO "B70"]
[NIC "SI.15"]
[Time "13:12:42"]
[PlyCount "52"]
[TimeControl "1500+5"]

1. e4 c5 2. Nf3 d6 3. d4 cxd4 4. Nxd4 Nf6 5. Nc3 g6 6. Bg5 Bg7 7. Qd2 O-O
8. Bh6 Nc6 9. Nxc6 bxc6 10. Bxg7 Kxg7 11. O-O-O Be6 12. Be2 Qa5 13. Kb1
Nxe4 14. Qd4+ Nf6 15. Qa4 Qb6 16. f3 Rab8 17. b3 c5 18. Qa6 Qb4 19. Kb2 c4
20. Qa4 Qc5 21. g4 Rfc8 22. h4 cxb3 23. axb3 Qxc3+ 24. Ka2 Qxc2+ 25. Ka3
Rxb3+ 26. Qxb3 Qxb3# { White checkmated } 0-1

[Event "ICC tourney 2532 (25 5)"]
[Site "Internet Chess Club"]
[Date "2021.04.24"]
[Round "2"]
[White "GALVEZ, ELIAN:K12-16711723"]
[Black "VINAY HIREMATH, ROMIR:K12-16455165"]
[Result "0-1"]
[ICCResult "White checkmated"]
[WhiteElo "481"]
[BlackElo "1191"]
[Opening "Four knights: Italian variation"]
[ECO "C47"]
[NIC "RG.01"]
[Time "13:12:39"]
[PlyCount "90"]
[TimeControl "1500+5"]

1. e4 e5 2. Nf3 Nf6 3. Nc3 Nc6 4. Bc4 Nxe4 5. Nxe4 d5 6. Bxd5 Qxd5 7. Nc3
Qd8 8. d3 Bg4 9. O-O Nd4 10. Be3 Nxf3+ 11. gxf3 Bh3 12. Re1 Bd6 13. f4 O-O
14. Qf3 exf4 15. Qxh3 fxe3 16. Rxe3 Bc5 17. Re2 Qg5+ 18. Qg2 Qxg2+ 19. Kxg2
Rfe8 20. Ne4 f5 21. Nc3 Rxe2 22. Nxe2 Re8 23. Kf1 g6 24. Ke1 Bd6 25. Kd2
Bxh2 26. Rd1 Bd6 27. c3 Re5 28. f4 Ra5 29. a3 Rb5 30. Kc2 Rb6 31. b4 c5 32.
c4 cxb4 33. Rb1 bxa3 34. Rc1 Rb2+ 35. Kc3 Rxe2 36. Kd4 Bxf4 37. Rb1 a2 38.
Rc1 Bxc1 39. Kd5 a1=Q 40. d4 Qa5+ 41. c5 Qa2+ 42. Kd6 Re6+ 43. Kc7 Bf4+ 44.
Kd7 Qd5+ 45. Kc8 Re8# { White checkmated } 0-1

[Event "ICC tourney 2532 (25 5)"]
[Site "Internet Chess Club"]
[Date "2021.04.24"]
[Round "2"]
[White "HOWARD MCNUTT, WILLIAM:K12-14715106"]
[Black "BAKER NAGAR, SIKANDER:K12-16973491"]
[Result "1-0"]
[ICCResult "Black resigns"]
[WhiteElo "1941"]
[BlackElo "1383"]
[Opening "King's Indian: London system"]
[ECO "A48"]
[NIC "QP.03"]
[Time "13:11:57"]
[PlyCount "33"]
[TimeControl "1500+5"]

1. d4 Nf6 2. Nf3 g6 3. Bf4 Bg7 4. e3 d5 5. h3 O-O 6. c4 c6 7. Nc3 Nbd7 8.
a3 a5 9. Be2 dxc4 10. Bxc4 Nb6 11. Bd3 Nbd5 12. Bh2 Qb6 13. Rb1 Rd8 14. O-O
Bf5 15. e4 Nxe4 16. Bxe4 Bxe4 17. Nxe4 { Black resigns } 1-0

[Event "ICC tourney 2532 (25 5)"]
[Site "Internet Chess Club"]
[Date "2021.04.24"]
[Round "2"]
[White "KUMAR TIBREWAL, AYUSH:K12-14952527"]
[Black "MCCANN, ANDREW:K12-15045914"]
[Result "1/2-1/2"]
[ICCResult "Game drawn by mutual agreement"]
[WhiteElo "1152"]
[BlackElo "392"]
[Opening "Vienna gambit"]
[ECO "C30"]
[NIC "KG.05"]
[Time "13:11:41"]
[PlyCount "79"]
[TimeControl "1500+5"]

1. e4 e5 2. f4 Nc6 3. Nf3 exf4 4. Nc3 Bc5 5. Bb5 Nf6 6. Bxc6 dxc6 7. d4 Bb4
8. O-O Bxc3 9. bxc3 Nxe4 10. Re1 Bf5 11. Nd2 Qe7 12. Qf3 O-O 13. Nxe4 Rfe8
14. Nf6+ Qxf6 15. Rxe8+ Rxe8 16. Bxf4 c5 17. Be5 Qg5 18. Rf1 f6 19. h4 Qg4
20. Qxf5 Qxf5 21. Rxf5 fxe5 22. dxe5 g6 23. Rf3 Rxe5 24. Kf2 Rf5 25. c4 Kf7
26. Ke3 Rxf3+ 27. Kxf3 Ke6 28. Kf4 Kf6 29. a3 c6 30. a4 a6 31. a5 h6 32.
Ke4 g5 33. h5 Ke6 34. g4 Kf6 35. c3 Ke6 36. Kd3 Ke5 37. Ke3 Ke6 38. Ke4 Kf6
39. Kf3 Ke5 40. Ke3 { Game drawn by mutual agreement } 1/2-1/2

[Event "ICC tourney 2532 (25 5)"]
[Site "Internet Chess Club"]
[Date "2021.04.24"]
[Round "2"]
[White "WANG, RICHARD:K12-16267445"]
[Black "RAFAEL SANTOS, ENERIO:K12-16804573"]
[Result "0-1"]
[ICCResult "White resigns"]
[WhiteElo "1178"]
[BlackElo "443"]
[Opening "Queen's pawn game, Darooha variation "]
[ECO "D02"]
[NIC "QP.08"]
[Time "13:11:42"]
[PlyCount "64"]
[TimeControl "1500+5"]

1. d4 d5 2. Nf3 Nf6 3. c4 Bg4 4. e3 e6 5. cxd5 exd5 6. h3 Bxf3 7. Qxf3 Ne4
8. Bd3 Bb4+ 9. Nd2 Bxd2+ 10. Bxd2 O-O 11. Bxe4 dxe4 12. Qxe4 Re8 13. Qxb7
Nd7 14. O-O Rb8 15. Qf3 Rxb2 16. Bc3 Rc2 17. Ba5 Nf6 18. Qd1 Rb2 19. Qc1
Qb8 20. Bc3 Rb7 21. f3 Nd5 22. Bd2 c6 23. e4 Nb4 24. Bxb4 Rxb4 25. Qd2 a5
26. Qd3 Qg3 27. Rab1 Reb8 28. a3 Rb2 29. Qc2 Rxc2 30. Rxb8+ Qxb8 31. Kh1
Qg3 32. Rg1 Ra2 { White resigns } 0-1

[Event "ICC tourney 2532 (25 5)"]
[Site "Internet Chess Club"]
[Date "2021.04.24"]
[Round "2"]
[White "EMMANUEL GARCIA, SYMON:K12-15605522"]
[Black "LAI, CASSIUS:K12-15855411"]
[Result "0-1"]
[ICCResult "White checkmated"]
[WhiteElo "623"]
[BlackElo "1363"]
[Opening "Dunst (Sleipner,Heinrichsen) opening"]
[ECO "A00"]
[NIC "VO.15"]
[Time "13:12:22"]
[PlyCount "56"]
[TimeControl "1500+5"]

1. Nc3 e5 2. Nf3 Nc6 3. e3 Bb4 4. Na4 e4 5. Ng1 d5 6. Bb5 Bd7 7. f3 Qh4+ 8.
g3 Qe7 9. c3 Bd6 10. d4 a6 11. Bf1 b5 12. Nc5 Bxc5 13. dxc5 Qxc5 14. fxe4
dxe4 15. h3 Nf6 16. a3 O-O 17. Rh2 Rad8 18. Ne2 Bxh3 19. Nd4 Bxf1 20. Rd2
Nxd4 21. cxd4 Qf5 22. Rg2 Bxg2 23. b4 Ng4 24. Kd2 Qf2+ 25. Kc3 Nxe3 26. g4
Nxd1+ 27. Kb3 Qxd4 28. Rb1 Qc4# { White checkmated } 0-1

[Event "ICC tourney 2532 (25 5)"]
[Site "Internet Chess Club"]
[Date "2021.04.24"]
[Round "2"]
[White "XU, NOAH:K12-15302005"]
[Black "KOVACS, JEREMY:K12-15030650"]
[Result "0-1"]
[ICCResult "White resigns"]
[WhiteElo "1897"]
[BlackElo "1303"]
[Opening "Ruy Lopez: Berlin defense, 4.O-O, d6"]
[ECO "C66"]
[NIC "RL.07"]
[Time "13:12:42"]
[PlyCount "36"]
[TimeControl "1500+5"]

1. e4 e5 2. Nf3 Nc6 3. Bb5 Nf6 4. O-O d6 5. Re1 Bg4 6. h3 Bh5 7. c3 Be7 8.
d4 O-O 9. Bg5 a6 10. Ba4 b5 11. Bc2 h6 12. Bh4 Qd7 13. Bxf6 Bxf6 14. dxe5
Nxe5 15. Nbd2 Qe6 16. Qe2 Rfe8 17. Rad1 d5 18. exd5 Nxf3+ { White resigns }
0-1